 Dungeon Crawl Stone Soup version 0.22.1-5-g62c59d9 (webtiles) character file.

569 mdsw14 the Firebug (level 7, -7/40 HPs)
             Began as a Gargoyle Fire Elementalist on Jan 12, 2019.
             Mangled by an ogre
             ... wielding a +0 giant club
              (21 damage)
             ... on level 5 of the Dungeon on Jan 13, 2019.
             The game lasted 00:40:45 (6884 turns).

mdsw14 the Firebug (Gargoyle Fire Elementalist)     Turns: 6884, Time: 00:40:46

Health: -7/40      AC:  9    Str: 11    XL:     7   Next: 33%
Magic:  11/11      EV: 12    Int: 18    God:
Gold:   138        SH:  0    Dex: 10    Spells: 11/12 levels left

rFire    . . .     SeeInvis .   d - +1 club
rCold    . . .     Gourm    .   (no shield)
rNeg     + . .     Faith    .   r - +0 leather armour
rPois    ∞         Spirit   .   x - +0 helmet
rElec    +         Reflect  .   m - +0 cloak {MR+}
rCorr    .         Harm     .   (no gloves)
MR       +....                  (no boots)
Stlth    ++........             (no amulet)
HPRegen  0.13/turn              (no ring)
MPRegen  0.12/turn              (no ring)

@: no status effects
A: negative energy resistance 1, electricity resistance, unbreathing,
petrification resistance, rot immunity, AC +4
a: no special abilities


You were on level 5 of the Dungeon.
You were not hungry.

You visited 1 branch of the dungeon, and saw 6 of its levels.
You also visited: Sewer.

You collected 138 gold pieces.

Inventory:

Hand Weapons
 d - a +1 club (weapon)
 e - a +1 dagger of draining
 i - a +1 hunting sling of velocity
 l - a +0 dagger
 s - a +2 antimagic dagger
 v - a +1 dagger of freezing
 A - a +0 flail
 C - a cursed -3 dagger
Missiles
 t - 15 bolts
 u - 156 stones (quivered)
Armour
 a - a +0 robe
 m - a +0 cloak of magic resistance (worn)
 o - a +0 chain mail
 r - a +0 leather armour (worn)
 x - a +0 helmet (worn)
 H - a +0 chain mail
Magical Staves
 D - an uncursed staff of death
Jewellery
 b - an uncursed ring of protection from fire {unknown}
 h - an uncursed amulet of the acrobat {unknown}
 F - an uncursed ring of ice {unknown}
Scrolls
 k - 3 scrolls of teleportation
 p - a scroll of immolation {unknown}
 q - a scroll of random uselessness {unknown}
 y - a scroll of enchant armour {unknown}
 z - 3 scrolls of identify {unknown}
 B - a scroll of enchant weapon
Potions
 f - 4 potions of haste {unknown}
 g - a potion of degeneration {unknown}
 j - 3 potions of curing {unknown}
 n - a potion of flight {unknown}
 w - a potion of brilliance {unknown}
 E - a potion of heal wounds {unknown}
 G - a potion of magic {unknown}
Comestibles
 c - 9 rations
 I - 3 chunks of flesh


   Skills:
 * Level 2.8 Fighting
 + Level 0.1 Short Blades
 * Level 3.6 Maces & Flails
 - Level 0.4 Armour
 + Level 2.4 Dodging
 * Level 3.3 Stealth
 * Level 3.2 Spellcasting
 * Level 2.6 Conjurations
 * Level 4.2 Fire Magic


You had 11 spell levels left.
You knew the following spells:

 Your Spells              Type           Power        Failure   Level  Hunger
a - Flame Tongue          Conj/Fire      ###..        4%          1    None

Your spell library contained the following spells:

 Spells                   Type           Power        Failure   Level  Hunger
 Throw Flame              Conj/Fire      ###...       8%          2    ##.....
 Conjure Flame            Conj/Fire      ###.....     16%         3    ###....
 Inner Flame              Hex/Fire       ##......     26%         3    ###....
 Sticky Flame             Conj/Fire      ###.....     45%         4    ####...
 Fireball                 Conj/Fire      ###.......   80%         5    ######.


Dungeon Overview and Level Annotations

Branches:
Dungeon (6/15)
 Temple: D:4-7

Altars:
Dithmenos
Hepliaklqana
Makhleb
Sif Muna
Xom
Zin

Shops:
D:4 [

Annotations:
D:2 Sigmund


Innate Abilities, Weirdness & Mutations

You are resistant to torment.
Your stone body is resilient. (AC +4)
You are immune to poison.
You resist negative energy. (rN+)
You are resistant to electric shocks. (rElec)
You can survive without breathing.
You are immune to petrification.
You are immune to rotting.


Message History

A bullfrog skeleton comes into view.
You hit the bullfrog skeleton.
The bullfrog skeleton is lightly damaged.
The bullfrog skeleton hits you but does no damage.
The bullfrog skeleton hits you but does no damage.
An ogre comes into view. It is wielding a giant club.
The bullfrog skeleton hits you but does no damage. x2
The bullfrog skeleton hits you but does no damage.
A sky beast comes into view.
The ogre hits you with a giant club.
Found a stone staircase leading up.
The bullfrog skeleton hits you. The ogre hits you with a giant club.
Found a bubbling amethyst potion.
The bullfrog skeleton completely misses you.
The crimson imp blinks!
A crimson imp comes into view.
The crimson imp blinks!
The ogre hits you with a giant club!!
Ouch! That really hurt!
You die...

.# #..##
#............... .##
##..# ...............
..#####..## ..... ......
.........# ##..... ....
..........# ##.!5....
..######...# ###........
### ##...##.......... ##
#.............. .#
#.....@..<.... .##
##..ZO........ ..#
#.§.Y........ ..#
##.....Y...... ..##
##O............ ...##
##.....#........
##..#####J....###.......
$#...........## .....5.
##...........# #....


You could see an ice beast, a sky beast, 2 ogres, a jelly, 2 crimson imps and a
bullfrog skeleton.

Vanquished Creatures
  A howler monkey (D:5)
  A hound (D:4)
  An orc priest (D:3)
  A centaur skeleton (D:4)
  Natasha (thrice) (D:2)
  An iguana (D:4)
  3 worker ants
  Robin (D:2)
  17 adders
  An adder zombie (D:5)
  An adder skeleton (D:5)
  A worm (D:5)
  A dart slug (D:1)
  A leopard gecko (D:3)
  7 orcs (D:3)
  6 ball pythons
  4 giant cockroaches
  16 goblins
  7 hobgoblins
  11 jackals
  4 kobolds
  2 quokkas (D:2)
  2 bats
  3 frilled lizards
  A quokka skeleton (D:4)
  11 rats
  A plant (Sewer)
109 creatures vanquished.

Vanquished Creatures (others)
  A plant (Sewer)
1 creature vanquished.

Grand Total: 110 creatures vanquished

Notes
Turn   | Place    | Note
-------+----------+-------------------------------------------
     0 | D:1      | mdsw14 the Gargoyle Fire Elementalist began the quest for
                  | the Orb.
     0 | D:1      | Reached XP level 1. HP: 10/10 MP: 3/3
   382 | D:1      | Reached XP level 2. HP: 15/15 MP: 0/5
   948 | D:2      | Reached XP level 3. HP: 16/20 MP: 6/6
  1329 | D:2      | Reached skill level 1 in Fighting
  1551 | D:1      | Reached skill level 1 in Maces & Flails
  1551 | D:1      | Reached XP level 4. HP: 5/25 MP: 7/7
  1667 | D:2      | Noticed Robin
  1839 | D:2      | Noticed Natasha
  1863 | D:2      | Killed Natasha
  2314 | D:2      | Found a shimmering altar of Xom.
  2316 | D:2      | Found a hazy altar of Hepliaklqana.
  2403 | D:2      | Noticed Natasha
  2426 | D:2      | Killed Natasha
  2426 | D:2      | Reached XP level 5. HP: 19/29 MP: 2/8
  2469 | D:2      | Noticed Natasha
  2479 | D:2      | Killed Natasha
  2987 | D:2      | Killed Robin
  3370 | D:2      | Found a deep blue altar of Sif Muna.
  3370 | D:2      | Noticed Sigmund
  3384 | D:2      | Found a glowing silver altar of Zin.
  3753 | D:3      | Reached skill level 4 in Fire Magic
  3753 | D:3      | Reached XP level 6. HP: 32/35 MP: 6/10
  4310 | D:3      | Found a shadowy altar of Dithmenos.
  4601 | D:4      | Found Odyrav's Antique Armour Shoppe.
  5324 | D:4      | Reached XP level 7. HP: 33/40 MP: 11/11
  5409 | D:4      | Found a burning altar of Makhleb.
  5605 | D:5      | Entered Level 5 of the Dungeon
  5785 | D:5      | Found a glowing drain.
  5801 | Sewer    | Entered a sewer
  6884 | D:5      | Mangled by an ogre

Skill      XL: |  1  2  3  4  5  6 |
---------------+-------------------+-----
Fighting       | 1 2 |  2.8
Maces & Flails | 1 2 3 |  3.6
Dodging        | 2 |  2.4
Conjurations   | 2 |  2.6
Fire Magic     | 4 |  4.2
Stealth        | 3 |  3.3
Spellcasting   | 3 |  3.2
Short Blades   | |  0.1
Armour         | |  0.4

Action                   |  1- 3 |  4- 6 |  7- 9 || total
-------------------------+-------+-------+-------++-------
Melee: Unarmed           |    12 |       |       ||    12
       Club              |   113 |   219 |   265 ||   597
       Dagger            |       |       |    69 ||    69
Throw: Stone             |       |     1 |       ||     1
 Cast: Flame Tongue      |    13 |    61 |    14 ||    88
  Use: Scroll            |     2 |     3 |       ||     5
 Stab: Sleeping          |       |     4 |     1 ||     5
  Eat: Chunk             |     2 |    12 |     6 ||    20
       Ration            |       |       |     1 ||     1
Armor: Robe              |    13 |    35 |       ||    48
       Chain mail        |   103 |       |       ||   103
       Leather armour    |       |    89 |   141 ||   230
Dodge: Dodged            |    55 |   198 |   179 ||   432
